 Dungeon Crawl Stone Soup version 0.25.1-2-g60ff931df9 (webtiles) character file.

Game seed: 5698190542727740268

1315 H0rd4k the Sneak (level 8, -4/51 HPs)
             Began as an Octopode Transmuter on Sept 22, 2020.
             Was an Initiate of Gozag.
             Killed by divine providence
             ... invoked by an orc priest
              (7 damage)
             ... on level 5 of the Dungeon.
             The game lasted 00:06:50 (5605 turns).

H0rd4k the Sneak (Octopode Transmuter)              Turns: 5605, Time: 00:06:51

Health: -4/51      AC:  5    Str:  9 (10) XL:     8   Next: 58%
Magic:  14/14      EV: 15    Int: 14 (17) God:    Gozag
Gold:   639        SH:  0    Dex: 14 (15) Spells: 10/16 levels left

rFire    . . .     SeeInvis .   u - +2 dagger "Spiderslayer" {vorpal, MR+ Dex+3}
rCold    . . .     Gourm    .   (no shield)
rNeg     . . .     Faith    .   (helmet restricted)
rPois    .         Spirit   .   r - amulet of the acrobat
rElec    .         Reflect  .   g - +4 ring of protection
rCorr    .         Harm     .   (no ring)
MR       +....                  (no ring)
Stlth    ++++......             (no ring)
HPRegen  0.17/turn              (no ring)
MPRegen  0.14/turn              (no ring)
                                (no ring)
                                (no ring)

@: gold aura
A: almost no armour, stealthy swim, amphibious, 8 rings, constrict 8, camouflage
1, gelatinous body 1
a: Potion Petition, Call Merchant, Bribe Branch, Renounce Religion


You were on level 5 of the Dungeon.
You worshipped Gozag.
Gozag was pleased with you.
You were not hungry.

You visited 1 branch of the dungeon, and saw 7 of its levels.

You collected 702 gold pieces.
You paid 63 gold pieces to Gozag.

Inventory:

Hand Weapons
 i - a +3 dagger of venom
 u - the +2 dagger "Spiderslayer" (weapon) {vorpal, MR+ Dex+3}
   (You found it on level 4 of the Dungeon)

   It inflicts extra damage upon your enemies.
   It affects your dexterity (+3).
   It affects your resistance to hostile enchantments.
Missiles
 a - 141 arrows
 m - 14 poisoned darts (quivered)
Jewellery
 g - a +4 ring of protection (left tentacle)
 r - an amulet of the acrobat (around mantle)
 s - an uncursed ring of positive energy
Wands
 y - a wand of iceblast (9)
Scrolls
 d - 5 scrolls of teleportation {unknown}
 e - a scroll of noise {unknown}
 f - a scroll of enchant weapon {unknown}
 j - a scroll of remove curse {unknown}
 l - a scroll of fog {unknown}
 o - 2 scrolls of fear {unknown}
 p - a scroll of enchant armour {unknown}
 t - a scroll of immolation {unknown}
 w - a scroll of identify
Potions
 b - 2 potions of brilliance
 h - a potion of stabbing
 k - a potion of lignification
 n - a potion of flight
 q - a potion of might
Comestibles
 c - 9 rations


   Skills:
 + Level 2.6 Fighting
 - Level 2.4 Short Blades
 + Level 4.1 Dodging
 + Level 6.3 Stealth
 + Level 4.5 Unarmed Combat
 * Level 4.5 Spellcasting
 * Level 4.9 Transmutations
 + Level 0.3 Poison Magic


You had 10 spell levels left.
You knew the following spells:

 Your Spells              Type           Power        Failure   Level  Hunger
a - Beastly Appendage     Tmut           ###...       2%          1    None
b - Sticks to Snakes      Tmut           ###.....     3%          2    ##.....
c - Spider Form           Tmut/Pois      ##........   19%         3    ###....

Your spell library contained the following spells:

 Spells                   Type           Power        Failure   Level  Hunger
 Magic Dart               Conj           #...         19%         1    None
 Searing Ray              Conj           #.....       28%         2    ##.....
 Dazzling Flash           Conj/Hex       #.....       50%         3    ###....
 Ice Form                 Ice/Tmut       ##......     54%         4    ####...
 Blade Hands              Tmut           ###.......   54%         5    ######.
 Fulminant Prism          Conj/Hex       #.........   88%         4    ####...
 Iskenderun's Mystic Bla  Conj/Tloc      #.......     88%         4    ####...


Dungeon Overview and Level Annotations

Branches:
Dungeon (7/15)             Temple (0/1) D:7

Altars:
Ashenzari
Elyvilon
Gozag
Kikubaaqudgha
Makhleb
Nemelex Xobeh
Okawaru
Qazlal
Ru
Trog
Uskayaw
Wu Jian
Xom
Zin

Annotations:
D:2 1 runed translucent door, exclusion: door, Crazy Yiuf


Innate Abilities, Weirdness & Mutations

You cannot wear most types of armour.
You are very stealthy in the water. (Stealth+)
You are amphibious.
You can wear up to eight rings at the same time.
You can use your tentacles to constrict eight enemies at once.
Your skin changes colour to match your surroundings (Stealth+).
Your rubbery body absorbs attacks. (AC +1, EV +1)


Message History

The orc priest is heavily wounded.
You constrict the orc priest, but do no damage.
The orc priest closely misses you.
The orc priest mumbles some strange prayers to Beogh against you.
Beogh smites you!
* * * LOW HITPOINT WARNING * * *
You hit the orc priest but do no damage.
You squeeze the orc priest, but do no damage.
The orc priest is heavily wounded.
Your tentacle spike disappears.
You constrict the orc priest.
The orc priest calls down the wrath of Beogh upon you.
You resist with some effort.
You hit the orc priest but do no damage.
The orc priest is severely wounded.
You constrict the orc priest, but do no damage.
The orc priest calls down the wrath of Beogh upon you.
Beogh smites you!
You die...
Your body crumbles into a pile of gold.

#.......#
##.......##
###.........
..........#
#.#........#
#
...........#
......$o...#
#@# #.# #.#
#.# #.# #.#
#.# #.# #.#
#.# #.# #.#
# #.# #.# #
#.#
#######.# #


You could see an orc priest (fast).

Vanquished Creatures
  Menkaure (D:4)
  2 ogres
  A centaur (D:7)
  2 bullfrogs
  A scorpion (D:4)
  2 crimson imps
  A jelly (D:6)
  A centaur skeleton (D:4)
  4 orc priests
  A bullfrog skeleton (D:6)
  A hound (D:6)
  3 orc wizards
  Terence (D:2)
  An iguana (D:6)
  3 worker ants (D:4)
  A hound zombie (D:7)
  A worker ant zombie (D:6)
  Robin (D:3)
  A gnoll (D:1)
  7 adders
  An ooze (D:1)
  2 worms (D:2)
  5 dart slugs
  3 leopard geckos
  24 orcs
  6 bats
  11 giant cockroaches
  15 goblins
  10 hobgoblins
  7 jackals
  7 kobolds
  A quokka (D:3)
  2 ball pythons
  2 frilled lizards (D:1)
  A rat (D:1)
133 creatures vanquished.

Notes
Turn   | Place    | Note
-------+----------+-------------------------------------------
     0 | D:1      | H0rd4k the Octopode Transmuter began the quest for the Orb.
     0 | D:1      | Reached XP level 1. HP: 13/13 MP: 3/3
    51 | D:1      | Reached XP level 2. HP: 18/18 MP: 5/5
   123 | D:1      | Reached XP level 3. HP: 22/23 MP: 6/6
   529 | D:1      | Reached skill level 1 in Stealth
  1063 | D:2      | Found a runed translucent door.
  1064 | D:2      | Noticed Crazy Yiuf
  1231 | D:2      | Noticed Terence
  1241 | D:2      | Killed Terence
  1241 | D:2      | Reached XP level 4. HP: 22/28 MP: 7/7
  1400 | D:2      | You fall into a shaft and drop 1 floor!
  1712 | D:3      | Reached skill level 2 in Stealth
  2061 | D:2      | Reached XP level 5. HP: 24/33 MP: 8/8
  3274 | D:3      | Found a glowing silver altar of Zin.
  3274 | D:3      | Found an ancient bone altar of Kikubaaqudgha.
  3277 | D:3      | Found an ornate altar of the Wu Jian Council.
  3280 | D:3      | Found a hide-covered altar of Uskayaw.
  3281 | D:3      | Found an iron altar of Okawaru.
  3281 | D:3      | Found a white marble altar of Elyvilon.
  3281 | D:3      | Found a burning altar of Makhleb.
  3281 | D:3      | Found a sparkling altar of Nemelex Xobeh.
  3281 | D:3      | Found a shimmering altar of Xom.
  3282 | D:3      | Found an opulent altar of Gozag.
  3283 | D:3      | Found a bloodstained altar of Trog.
  3284 | D:3      | Found a shattered altar of Ashenzari.
  3285 | D:3      | Found a sacrificial altar of Ru.
  3298 | D:3      | Became a worshipper of Gozag Ym Sagoz the Greedy
  3394 | D:3      | Noticed Robin
  3402 | D:3      | Killed Robin
  3402 | D:3      | Reached skill level 3 in Stealth
  3677 | D:4      | Noticed Menkaure
  3695 | D:4      | Killed Menkaure
  3695 | D:4      | Reached skill level 1 in Short Blades
  3695 | D:4      | Reached XP level 6. HP: 21/38 MP: 10/10
  3987 | D:4      | Got an encrusted dagger
  3988 | D:4      | Identified the +2 dagger "Spiderslayer" {vorpal, MR+ Dex+3}
                  | (You found it on level 4 of the Dungeon)
  3992 | D:4      | Learned a level 2 spell: Sticks to Snakes
  3996 | D:4      | Learned a level 3 spell: Spider Form
  4040 | D:4      | Reached skill level 4 in Stealth
  4127 | D:4      | Reached XP level 7. HP: 43/44 MP: 11/11
  4465 | D:4      | Found a stormy altar of Qazlal.
  4656 | D:4      | You fall into a shaft and drop 3 floors!
  4756 | D:7      | Reached skill level 5 in Stealth
  4967 | D:7      | Found a staircase to the Ecumenical Temple.
  5094 | D:6      | Reached XP level 8. HP: 50/50 MP: 12/14
  5280 | D:6      | Reached skill level 6 in Stealth
  5348 | D:5      | Entered Level 5 of the Dungeon
  5350 | D:5      | Found a sparkling altar of Nemelex Xobeh.
  5605 | D:5      | Killed from afar by an orc priest

Illustrated notes

Levels and vault maps discovered:
D:1:      nicolae_arrival_memento_mori, layout_rooms
D:2:      layout_basic, solitary_fountain, uniq_terence, uniq_crazy_yiuf_cottage
D:3:      layout_loops_cross, minitemple, uniq_robin
D:4:      layout_gridville, grunt_qazlal_clouds, uniq_menkaure
D:5:      layout_loops_ring, first_ration, nemelex_xobeh_ov_fountains_minmay
D:6:      layout_rooms
D:7:      layout_gridville, slow_altar_2, minmay_temple_entry_arrows,
          serial_co_window_serial, co_window_paths_b, co_window_corner_a,
          co_window_paths_a, co_window_paths_a, co_window_paths_a,
          co_window_of_opportunity_b, co_window_of_opportunity_c,
          co_window_unsneaky_path_e, co_window_cross_2,
          co_window_of_opportunity_b, co_window_broadway_a,
          co_window_of_opportunity_b, glass_columns_b, glass_columns_a,
          the_bakery

Skill      XL: |  1  2  3  4  5  6  7  8 |
---------------+-------------------------+-----
Stealth        | 1 2 3 4 5 6 |  6.3
Unarmed Combat | 4 |  4.5
Short Blades   | 1 2 |  2.4
Transmutations | 3 4 |  4.9
Spellcasting   | 3 4 |  4.5
Dodging        | 3 4 |  4.1
Fighting       | 2 |  2.6
Poison Magic   | |  0.3

Action                   |  1- 3 |  4- 6 |  7- 9 || total
-------------------------+-------+-------+-------++-------
Melee: Unarmed           |    57 |       |    11 ||    68
       Constrict         |    18 |    42 |    35 ||    95
       Tentacles         |    13 |    25 |    37 ||    75
       Dagger            |    13 |   124 |   131 ||   268
       Punch             |       |     5 |     3 ||     8
       Kick              |       |       |     4 ||     4
 Cast: Spider Form       |       |       |     2 ||     2
       Beastly Appendage |       |       |     1 ||     1
  Use: Potion            |     1 |       |     3 ||     4
       Scroll            |       |     6 |       ||     6
 Stab: Sleeping          |     8 |     6 |     2 ||    16
       Distracted        |       |     2 |     1 ||     3
  Eat: Chunk             |     1 |     7 |       ||     8
       Ration            |       |       |     2 ||     2
Armor: Skin              |     2 |    18 |    13 ||    33
Dodge: Dodged            |    33 |    71 |    92 ||   196
